Map: At Eternity's Edge LE

Players

SpeCial

  • Race: Terran Terran
  • League: Grandmaster
  • Spawn Location: 11:00

A.I. 1 (Very Easy) - Winner!

  • Race: Protoss Protoss
  • Spawn Location: 5:00

VOD

Have the link to the VOD?

Description

Time

  • Played on: June 23, 2026, 1:50 p.m.
  • Length: 5:35
Show
View Real Time Build Order
Export as new Build Order

SpeCial Terran 

Build Orders:  

Get SALT Encoding   

  8  0:00  SCV  
  9  0:12  SCV  
  10  0:24  SCV  
  10  0:28  Supply Depot  
  11  0:36  SCV  
  12  0:48  SCV  
  13  0:53  Barracks  
  13  1:01  SCV  
  14  1:04  Refinery  
  14  1:13  SCV  
  14  1:15  Refinery  
  15  1:25  SCV  
  17  1:44  Reaper, Orbital Command  
  17  2:05  Factory  
  17  2:10  SCV  
  17  2:12  Supply Depot  
  18  2:17  Reaper  
  18  2:22  SCV  
  20  2:34  SCV  
  21  2:46  SCV  
  21  2:50  Hellion  
  24  2:56  Command Center  
  24  2:58  Barracks Reactor  
  24  3:01  SCV  
  25  3:09  Starport  
  25  3:13  SCV  
  25  3:19  Supply Depot  
  26  3:23  Widow Mine  
  26  3:26  SCV  
  29  3:40  SCV  
  29  3:41  Marine x2  
  31  3:46  Medivac, Widow Mine  
  36  3:52  SCV  
  37  4:08  SCV, Orbital Command, Marine  
  37  4:09  Marine  
  40  4:10  Factory Tech Lab  
  40  4:14  Supply Depot  
  40  4:20  SCV  
  41  4:28  Marine x2  
  41  4:29  Siege Tank  
  46  4:32  SCV  
  46  4:34  Liberator  
  46  4:37  SCV  
  51  4:42  Supply Depot  
  51  4:44  SCV  
  52  4:46  Marine x2  
  52  4:50  SCV  
  55  4:56  SCV  
  56  5:02  SCV  
  56  5:06  Supply Depot  
  60  5:08  SCV  
  60  5:12  Barracks  
  61  5:14  SCV  
  61  5:17  Marine x2  
  61  5:18  Barracks  
  61  5:20  SCV  
  65  5:23  Starport Tech Lab  
  65  5:26  Refinery  
  66  5:28  Engineering Bay  
Show
View Real Time Build Order
Export as new Build Order

A.I. 1 (Very Easy) Protoss - Winner!

Build Orders:  

Get SALT Encoding   

  8  0:00  Probe  
  9  0:13  Probe  
  10  0:25  Probe  
  11  0:37  Probe  
  12  0:47  Pylon  
  12  0:49  Probe  
  13  1:01  Probe  
  13  1:06  Assimilator  
  14  1:12  Gateway  
  14  1:18  Pylon  
  14  1:45  Assimilator  
  14  1:54  Probe  
  14  2:01  Zealot  
  17  2:03  Probe  
  17  2:04  Cybernetics Core  
  18  2:11  Probe  
  19  2:20  Probe  
  20  2:31  Warp Gate  
  20  2:33  Probe  
  20  2:37  Pylon  
  21  2:45  Probe  
  22  3:08  Stalker  
  24  4:02  Probe  
  24  4:54  Probe  
  17  5:02  Probe  
  18  5:10  Probe  
  18  5:18  Probe  
Tags
 
Add a new tag
Caveats
  • Supply blocks, unpowered buildings, or Contaminate may cause inaccurate times.
  • Supply counts are checked every 10 seconds.